BSA
BAFFIN ISLAND BEAVERS @ SAN FRANCISCO BANDITS
05/12/2029
 
TOP OF THE 1ST
Baffin Island Beavers batting - Pitching for San Francisco Bandits : LHP Manuel Rodríguez
Pitching: LHP Manuel Rodríguez
Batting: RHB Alden Isenhood 0-0: Ball
1-0: Called Strike
1-1: SINGLE (Groundball, 4MD)
Batting: RHB Tony Morton 0-0: Called Strike
0-1: Foul Ball, location: 2F
0-2: Strikes out swinging
Batting: RHB Dave Craig 0-0: Called Strike
0-1: Called Strike
0-2: Ball
1-2: Foul Ball, location: 2F
1-2: SINGLE (Line Drive, 78S)
Alden Isenhood to second
Batting: RHB Felipe Rivera 0-0: Ball
1-0: Ball
2-0: Called Strike
2-1: Called Strike
2-2: SINGLE (Line Drive, 4M)
Alden Isenhood to third
Dave Craig to second
Runner from 3rd tries for Home, throw and OUT!
Batting: LHB Norberto Muńóz 0-0: Foul Ball, location: 2F
0-1: Called Strike
0-2: Ball
1-2: Ball
2-2: Ball
3-2: Strikes out swinging
Top of the 1st over - 0 runs, 3 hits, 0 errors, 2 left on base; Baffin Island 0 - San Francisco 0
BOTTOM OF THE 1ST
San Francisco Bandits batting - Pitching for Baffin Island Beavers : RHP Luis Féliz
Pitching: RHP Luis Féliz
Now at 2B: Tomás Díaz
Batting: RHB Glenn Melican 0-0: Ball
1-0: Ground out 6-3 (Groundball, 6)
Batting: RHB Scott Merritt 0-0: Fly out, F7 (Flyball, 7S)
Batting: LHB Alan McGilroy 0-0: Ball
1-0: Ground out 5-3 (Groundball, 56S)
Bottom of the 1st over - 0 runs, 0 hits, 0 errors, 0 left on base; Baffin Island 0 - San Francisco 0
TOP OF THE 2ND
Baffin Island Beavers batting - Pitching for San Francisco Bandits : LHP Manuel Rodríguez
Batting: RHB Jonathan MacVey 0-0: Called Strike
0-1: Ball
1-1: Ground out 5-3 (Groundball, 56)
Batting: LHB César Valentín 0-0: Ball
1-0: Ball
2-0: Foul Ball, location: 2F
2-1: Called Strike
2-2: Ball
3-2: Base on Balls
Batting: LHB Howard Evans 0-0: Ball
1-0: Fly out, F8 (Flyball, 8RD)
Batting: RHB Pedro Molina 0-0: Ball
1-0: Reached on error, E5 (Groundball, 56)
César Valentín to second
Batting: RHB Tomás Díaz 0-0: Fielders Choice at 2nd, 6-4 (Groundball, 6)
Top of the 2nd over - 0 runs, 0 hits, 1 error, 2 left on base; Baffin Island 0 - San Francisco 0
BOTTOM OF THE 2ND
San Francisco Bandits batting - Pitching for Baffin Island Beavers : RHP Luis Féliz
Batting: LHB Anacleto Morillo 0-0: Ball
1-0: Fly out, F6 (Line Drive, 6)
Batting: RHB Michael Elliott 0-0: Called Strike
0-1: Ball
1-1: Swinging Strike
1-2: Ball
2-2: Ball
3-2: Strikes out looking
Batting: RHB Javier Ramírez 0-0: Hit by Pitch
Batting: RHB Naomichi Aoki 0-0: Fly out, F9 (Flyball, 9LS)
Bottom of the 2nd over - 0 runs, 0 hits, 0 errors, 1 left on base; Baffin Island 0 - San Francisco 0
TOP OF THE 3RD
Baffin Island Beavers batting - Pitching for San Francisco Bandits : LHP Manuel Rodríguez
Batting: RHB Tony Morton 0-0: Called Strike
0-1: Called Strike
0-2: Strikes out looking
Batting: RHB Dave Craig 0-0: Ball
1-0: Foul Ball, location: 2F
1-1: Reached on error, E5 (Groundball, 56)
Batting: RHB Felipe Rivera 0-0: Ball
1-0: Ball
2-0: Foul Ball, location: 2F
2-1: Swinging Strike
2-2: Foul Ball, location: 2F
2-2: Fly out, F9 (Flyball, 89D)
Runner from 2nd tags up, SAFE at 3rd, no throw
Batting: LHB Norberto Muńóz 0-0: Called Strike
0-1: Swinging Strike
0-2: Strikes out swinging
Top of the 3rd over - 0 runs, 0 hits, 1 error, 1 left on base; Baffin Island 0 - San Francisco 0
BOTTOM OF THE 3RD
San Francisco Bandits batting - Pitching for Baffin Island Beavers : RHP Luis Féliz
Batting: RHB David Crespo 0-0: Swinging Strike
0-1: Foul Ball, location: 2F
0-2: Foul Ball, location: 2F
0-2: Ball
1-2: Foul Ball, location: 2F
1-2: Strikes out swinging, 2-3 out at first.
Batting: LHB Esteban Peńa 0-0: Ball
1-0: Ground out 4-3 (Groundball, 4)
Batting: RHB Glenn Melican 0-0: Ground out 5-3 (Groundball, 56)
Bottom of the 3rd over - 0 runs, 0 hits, 0 errors, 0 left on base; Baffin Island 0 - San Francisco 0
TOP OF THE 4TH
Baffin Island Beavers batting - Pitching for San Francisco Bandits : LHP Manuel Rodríguez
Batting: RHB Jonathan MacVey 0-0: Called Strike
0-1: SINGLE (Line Drive, 8LS)
Batting: LHB César Valentín 0-0: Ball
1-0: Foul Ball, location: 2F
1-1: Ball
2-1: Grounds into double play, 4-6-3 (Groundball, 4)
Batting: LHB Howard Evans 0-0: Called Strike
0-1: Ball
1-1: Ball
2-1: Foul Ball, location: 2F
2-2: Foul Ball, location: 2F
2-2: SINGLE (Line Drive, 34)
Batting: RHB Pedro Molina 0-0: Ball
1-0: Ball
2-0: Called Strike
2-1: SINGLE (Groundball, 56) (infield hit)
Howard Evans to second
Batting: RHB Tomás Díaz 0-0: Swinging Strike
0-1: Called Strike
0-2: Ground out 6-3 (Groundball, 56)
Top of the 4th over - 0 runs, 3 hits, 0 errors, 2 left on base; Baffin Island 0 - San Francisco 0
BOTTOM OF THE 4TH
San Francisco Bandits batting - Pitching for Baffin Island Beavers : RHP Luis Féliz
Batting: RHB Scott Merritt 0-0: Called Strike
0-1: Ball
1-1: Ball
2-1: Ball
3-1: Called Strike
3-2: Fly out, F9 (Flyball, 9S)
Batting: LHB Alan McGilroy 0-0: Ball
1-0: Ball
2-0: Ground out 4-3 (Groundball, 4)
Batting: LHB Anacleto Morillo 0-0: Ball
1-0: Foul Ball, location: 2F
1-1: Ball
2-1: Swinging Strike
2-2: Strikes out looking
Bottom of the 4th over - 0 runs, 0 hits, 0 errors, 0 left on base; Baffin Island 0 - San Francisco 0
TOP OF THE 5TH
Baffin Island Beavers batting - Pitching for San Francisco Bandits : LHP Manuel Rodríguez
Batting: RHB Tony Morton 0-0: Ball
1-0: Foul Ball, location: 2F
1-1: Ball
2-1: Ball
3-1: Ground out 6-3 (Groundball, 6)
Batting: RHB Dave Craig 0-0: Ball
1-0: Ball
2-0: Called Strike
2-1: Ball
3-1: Swinging Strike
3-2: Base on Balls
Batting: RHB Felipe Rivera 0-0: Ball
1-0: Ball
2-0: Ball
3-0: Base on Balls
Dave Craig to second
Batting: LHB Norberto Muńóz 0-0: Called Strike
0-1: Swinging Strike
0-2: Foul Ball, location: 2F
0-2: Foul Ball, location: 2F
0-2: Ball
1-2: Ball
2-2: Ball
3-2: Fly out, F8 (Line Drive, 89D)
Runner from 2nd tags up, SAFE at 3rd, no throw
Batting: RHB Jonathan MacVey 0-0: Fielders Choice at 2nd, 5-4 (Groundball, 56)
Top of the 5th over - 0 runs, 0 hits, 0 errors, 2 left on base; Baffin Island 0 - San Francisco 0
BOTTOM OF THE 5TH
San Francisco Bandits batting - Pitching for Baffin Island Beavers : RHP Luis Féliz
Batting: RHB Michael Elliott 0-0: Called Strike
0-1: Called Strike
0-2: Ball
1-2: SINGLE (Line Drive, 89S)
Batting: RHB Javier Ramírez 0-0: Called Strike
0-1: Ground out 5-3 (Groundball, 5S)
Michael Elliott to second
Batting: RHB Naomichi Aoki 0-0: Intentional Walk
Batting: RHB David Crespo 0-0: Called Strike
0-1: Ball
1-1: Swinging Strike
1-2: Ball
2-2: Strikes out swinging
Batting: LHB Esteban Peńa 0-0: Ball
1-0: Called Strike
1-1: Ground out U3 (Groundball, 34S)
Bottom of the 5th over - 0 runs, 1 hit, 0 errors, 2 left on base; Baffin Island 0 - San Francisco 0
TOP OF THE 6TH
Baffin Island Beavers batting - Pitching for San Francisco Bandits : LHP Manuel Rodríguez
Batting: LHB César Valentín 0-0: Ball
1-0: Ball
2-0: Called Strike
2-1: Ground out 5-3 (Groundball, 5)
Batting: LHB Howard Evans 0-0: Ball
1-0: Ground out 3-1 (Groundball, 34)
Batting: RHB Pedro Molina 0-0: Ball
1-0: Ball
2-0: Called Strike
2-1: Fly out, F5 (Line Drive, 56)
Top of the 6th over - 0 runs, 0 hits, 0 errors, 0 left on base; Baffin Island 0 - San Francisco 0
BOTTOM OF THE 6TH
San Francisco Bandits batting - Pitching for Baffin Island Beavers : RHP Luis Féliz
Batting: RHB Glenn Melican 0-0: Ball
1-0: Called Strike
1-1: SINGLE (Groundball, 6D)
Batting: RHB Scott Merritt 0-0: Called Strike
Glenn Melican is caught stealing 2nd base
0-1: Ball
1-1: Foul Ball, location: 2F
1-2: Fly out, F7 (Flyball, 78M)
Batting: LHB Alan McGilroy 0-0: Foul Ball, location: 2F
0-1: Swinging Strike
0-2: Strikes out swinging
Bottom of the 6th over - 0 runs, 1 hit, 0 errors, 0 left on base; Baffin Island 0 - San Francisco 0
TOP OF THE 7TH
Baffin Island Beavers batting - Pitching for San Francisco Bandits : LHP Manuel Rodríguez
Pitching: RHP Mitsunari Taguchi
Batting: RHB Tomás Díaz 0-0: Ball
1-0: Fly out, F9 (Flyball, 89D)
Batting: RHB Tony Morton 0-0: Ball
1-0: Ball
2-0: SINGLE (Groundball, P) (infield hit)
Batting: RHB Dave Craig 0-0: Called Strike
0-1: Ball
1-1: Ball
2-1: Ball
3-1: Base on Balls
Tony Morton to second
Batting: RHB Felipe Rivera 0-0: Called Strike
0-1: Ball
1-1: Fly out, F6 (Popup, 6M)
Batting: LHB Norberto Muńóz 0-0: Called Strike
0-1: Foul Ball, location: 2F
0-2: Ball
1-2: Ball
2-2: Foul Ball, location: 2F
2-2: DOUBLE (Line Drive, 78S)
Tony Morton scores
Dave Craig to third
Runner from 3rd tries for Home, SAFE, no throw
Batting: RHB Jonathan MacVey 0-0: Foul Ball, location: 2F
0-1: Called Strike
0-2: Foul Ball, location: 2F
0-2: Strikes out looking
Top of the 7th over - 2 runs, 2 hits, 0 errors, 1 left on base; Baffin Island 2 - San Francisco 0
BOTTOM OF THE 7TH
San Francisco Bandits batting - Pitching for Baffin Island Beavers : RHP Luis Féliz
Batting: LHB Anacleto Morillo 0-0: Called Strike
0-1: Foul Ball, location: 2F
0-2: Ball
1-2: Ball
2-2: Ball
3-2: Foul Ball, location: 2F
3-2: Fly out, F7 (Flyball, 7LM)
Batting: RHB Michael Elliott 0-0: Ball
1-0: Called Strike
1-1: Ball
2-1: Ball
3-1: SINGLE (Line Drive, 34)
Batting: RHB Javier Ramírez 0-0: Ball
1-0: Ball
2-0: DOUBLE (Flyball, 8LXD)
Michael Elliott to third
Batting: RHB Naomichi Aoki 0-0: Foul Ball, location: 2F
0-1: Ground out 6-3 (Groundball, 6)
Batting: RHB David Crespo 0-0: Called Strike
0-1: Ball
1-1: Swinging Strike
1-2: Foul Ball, location: 2F
1-2: Ball
2-2: Foul Ball, location: 2F
2-2: Strikes out swinging
Bottom of the 7th over - 0 runs, 2 hits, 0 errors, 2 left on base; Baffin Island 2 - San Francisco 0
TOP OF THE 8TH
Baffin Island Beavers batting - Pitching for San Francisco Bandits : RHP Mitsunari Taguchi
Batting: LHB César Valentín 0-0: Ball
1-0: Swinging Strike
1-1: Ground out 5-3 (Groundball, 56)
Batting: LHB Howard Evans 0-0: Ball
1-0: Ball
2-0: Ball
3-0: Called Strike
3-1: Base on Balls
Batting: RHB Pedro Molina 0-0: Called Strike
0-1: Grounds into double play, 5-4-3 (Groundball, 56)
Top of the 8th over - 0 runs, 0 hits, 0 errors, 0 left on base; Baffin Island 2 - San Francisco 0
BOTTOM OF THE 8TH
San Francisco Bandits batting - Pitching for Baffin Island Beavers : RHP Luis Féliz
Batting: LHB Esteban Peńa 0-0: Ball
1-0: Fly out, F9 (Flyball, 9LS)
Batting: RHB Glenn Melican 0-0: Ball
1-0: Foul Ball, location: 2F
1-1: Ground out 6-3 (Groundball, 6)
Batting: RHB Scott Merritt 0-0: Swinging Strike
0-1: Foul Ball, location: 2F
0-2: Fly out, F9 (Line Drive, 9S)
Bottom of the 8th over - 0 runs, 0 hits, 0 errors, 0 left on base; Baffin Island 2 - San Francisco 0
TOP OF THE 9TH
Baffin Island Beavers batting - Pitching for San Francisco Bandits : RHP Mitsunari Taguchi
Batting: RHB Tomás Díaz 0-0: Ball
1-0: Ground out 5-3 (Groundball, 56)
Batting: RHB Tony Morton 0-0: Ball
1-0: Ball
2-0: Ball
3-0: SINGLE (Groundball, 56D)
Batting: RHB Dave Craig 0-0: Ball
1-0: Ball
2-0: Foul Ball, location: 2F
2-1: Ball
3-1: Base on Balls
Tony Morton to second
Batting: RHB Felipe Rivera 0-0: Called Strike
Tony Morton steals 3rd base
Dave Craig to second
0-1: Called Strike
0-2: Reached on error, E5 (Groundball, 5L)
Tony Morton scores
Dave Craig to third
Pitching: RHP Carlos Ledezma
Batting: LHB Norberto Muńóz 0-0: Called Strike
0-1: Fielders Choice at 2nd, 4-6 (Groundball, 4MD)
Dave Craig scores
Batting: RHB Jonathan MacVey 0-0: Ball
Norberto Muńóz steals 2nd base
1-0: Called Strike
1-1: Swinging Strike
1-2: Ball
2-2: Fly out, F8 (Flyball, 8LM)
Top of the 9th over - 2 runs, 1 hit, 1 error, 1 left on base; Baffin Island 4 - San Francisco 0
BOTTOM OF THE 9TH
San Francisco Bandits batting - Pitching for Baffin Island Beavers : RHP Luis Féliz
Batting: LHB Alan McGilroy 0-0: Swinging Strike
0-1: Foul Ball, location: 2F
0-2: Ball
1-2: Hit by Pitch
Batting: LHB Anacleto Morillo 0-0: Ball
1-0: Foul Ball, location: 2F
1-1: Swinging Strike
1-2: Foul Ball, location: 2F
1-2: Ball
Passed Ball!
Alan McGilroy to second
2-2: SINGLE (Line Drive, 8RS)
Alan McGilroy to third
Pitching: LHP Brent Miller
Batting: RHB Michael Elliott 0-0: Ball
1-0: Ball
2-0: Fly out, F7 (Flyball, 7S)
Batting: RHB Javier Ramírez 0-0: Ball
1-0: Foul Ball, location: 2F
1-1: Fly out, F3 (Line Drive, 3)
Lined into DP, U3 (Line Drive, 3)
Bottom of the 9th over - 0 runs, 1 hit, 0 errors, 1 left on base; Baffin Island 4 - San Francisco 0
Saturday, December 16th, 2017 - OOTP Baseball 18.8 Build 76